 Dungeon Crawl Stone Soup version 0.18-a0-1624-g19ad93e (webtiles) character file.

10537 Oddball22 the Cleaver (level 11, -8/94 HPs)
             Began as a Demonspawn Fighter on Mar 24, 2016.
             Was a Believer of Yredelemnul.
             Killed from afar by a wretched star (18 damage)
             ... with an orb of energy
             ... on level 1 of the Abyss.
             The game lasted 00:28:33 (9989 turns).

Oddball22 the Cleaver (Demonspawn Fighter)          Turns: 9989, Time: 00:28:33

Health: -8/94      AC: 10    Str: 17    XL:     11   Next: 37%
Magic:  0/13       EV: 12    Int:  9    God:    Yredelemnul [**....]
Gold:   584        SH:  7    Dex:  9    Spells: 0 memorised, 20 levels left

rFire  . . .     SeeInvis .     p - +2 whip (flame)
rCold  . . .     Gourm    .     b - +0 scale mail
rNeg   . . .     Faith    .     J - +2 buckler
rPois  .         Spirit   +     (no helmet)
rElec  .         Dismiss  .     H - +0 cloak
rCorr  .         Reflect  .     n - +0 pair of gloves
SustAt .         Harm     .     (no boots)
MR     +....                    (no amulet)
Stlth  ..........               D - -3 ring of dexterity (curse)
                                r - +4 ring of evasion

@: about to teleport, very slightly contaminated, somewhat resistant to hostile
enchantments, extremely unstealthy
A: talons 2, icy blue scales 2, blurry vision 2, clumsy 1, deformed body, low mp
3, magic resistance 1, powered by death 2, robust 1, weak 1, evolution 1, magic
shield, MP-powered wands
a: Animate Remains, Recall Undead Slaves, Injury Mirror, Renounce Religion


You were on level 1 of the Abyss.
You worshipped Yredelemnul.
Yredelemnul was pleased with you.
You were not hungry.

You visited 1 branch of the dungeon, and saw 11 of its levels.
You visited the Abyss 1 time.
You also visited: Ossuary.

You collected 584 gold pieces.

Inventory:

Hand Weapons
 a - a +0 war axe
 p - a +2 whip of flaming (weapon)
 z - a +2 flail of protection
 S - a +2 whip of electrocution
Missiles
 g - 15 bolts of flame
 x - 71 bolts
Armour
 b - a +0 scale mail (worn)
 n - a +0 pair of gloves (worn)
 H - a +0 cloak (worn)
 J - a +2 buckler (worn)
Jewellery
 k - a +2 ring of dexterity
 r - a +4 ring of evasion (left hand)
 D - a cursed -3 ring of dexterity (right hand)
 F - an uncursed ring of protection from cold
Wands
 d - a wand of slowing (28/48)
 m - a wand of slowing (17/48)
 s - a wand of acid (9/15)
 v - a wand of enslavement (16/24)
 U - a wand of digging (6/24)
 V - a wand of iceblast (7/15)
Scrolls
 e - 11 scrolls of identify
 l - 3 scrolls of teleportation
 o - a scroll of fear {unknown}
 q - 6 scrolls of remove curse
 t - 4 scrolls of amnesia {unknown}
 u - 2 scrolls of magic mapping {unknown}
 y - 3 scrolls of enchant weapon {unknown}
 K - 2 scrolls of noise {unknown}
 N - 6 scrolls of enchant armour {unknown}
 O - a scroll of random uselessness
 T - 3 scrolls of blinking {unknown}
 W - 2 scrolls of fog {unknown}
Potions
 c - a potion of resistance
 C - a potion of magic
 E - 4 potions of curing
Books
 A - a book of Annihilations

   Spells                             Type                      Level
   a - Poison Arrow                   Conjuration/Poison           6
   b - Chain Lightning                Conjuration/Air              8
   c - Lehudib's Crystal Spear        Conjuration/Earth            8
   d - Glaciate                       Conjuration/Ice              9
   e - Fire Storm                     Conjuration/Fire             9
 G - a book of Death

   Spells                             Type                      Level
   a - Corpse Rot                     Necromancy                   2
   b - Sublimation of Blood           Necromancy                   2
   c - Agony                          Necromancy                   5
   d - Dispel Undead                  Necromancy                   5
   e - Excruciating Wounds            Charms/Necromancy            5
   f - Bolt of Draining               Conjuration/Necromancy       5
 I - a book of Clouds

   Spells                             Type                      Level
   a - Mephitic Cloud                 Conjuration/Poison/Air       3
   b - Conjure Flame                  Conjuration/Fire             3
   c - Poisonous Cloud                Conjuration/Poison/Air       6
   d - Freezing Cloud                 Conjuration/Ice/Air          6
   e - Ring of Flames                 Charms/Fire                  7
 P - a Grand Grimoire

   Spells                             Type                      Level
   a - Monstrous Menagerie            Summoning                    7
   b - Summon Greater Demon           Summoning                    7
   c - Malign Gateway                 Summoning/Translocation      7
   d - Summon Horrible Things         Summoning                    8
 X - a Fen Folio

   Spells                             Type                      Level
   a - Corpse Rot                     Necromancy                   2
   b - Stone Arrow                    Conjuration/Earth            3
   c - Leda's Liquefaction            Hexes/Earth                  4
   d - Summon Forest                  Summoning/Translocation      5
   e - Hydra Form                     Transmutation                6
   f - Summon Hydra                   Summoning                    7
 Y - a book of Flames

   Spells                             Type                      Level
   a - Flame Tongue                   Conjuration/Fire             1
   b - Throw Flame                    Conjuration/Fire             2
   c - Conjure Flame                  Conjuration/Fire             3
   d - Inner Flame                    Hexes/Fire                   3
   e - Sticky Flame                   Conjuration/Fire             4
   f - Fireball                       Conjuration/Fire             5
Miscellaneous
 B - a sack of spiders
Comestibles
 f - 6 bread rations
 i - 13 meat rations
 j - 2 royal jellies
 w - 3 beef jerkies
 L - a slice of pizza
 Q - 2 fruits
 R - a chunk of flesh


   Skills:
 * Level 8.0 Fighting
 - Level 9.1 Axes
 + Level 1.0(5.7) Maces & Flails
 + Level 7.3 Armour
 + Level 7.0 Shields
 + Level 5.4 Spellcasting
 + Level 7.8 Invocations


You had 20 spell levels left.
You didn't know any spells.

Dungeon Overview and Level Annotations

Branches:
Dungeon (11/15)            Temple (0/1) D:4            Lair (0/8) D:10
    Orc: D:9-12

Altars:
Elyvilon
Fedhas
Gozag
Nemelex Xobeh
Ru
Yredelemnul
Zin

Annotations:
D:10 Sonja


Innate Abilities, Weirdness & Mutations

You have razor-sharp toenails.
You are mostly covered in icy blue scales (AC +3, EV -1).
You regenerate health from kills.
You are robust (+10% HP).
When hurt, damage is shared between your health and your magic reserves.
You are clumsy. (Dex -2)
You are resistant to hostile enchantments.
You are weak. (Str -2)
You evolve.
You expend magic power (3 MP) to strengthen your wands.
[Scrolls take you longer to read.]
[Armour fits poorly on your strangely shaped body.]
[Your magical capacity is extremely low (-30% MP).]


Message History

Found a scroll of identify.
The wretched star pulses with an eldritch light!
Your vision blurs. x2; You feel less energetic. x2
e - 11 scrolls of identify (gained 1) Read which item? (? for menu, Esc to quit)
You begin reading the scroll.
You continue reading the scroll.
The wretched star glows turbulently.
The orb of energy hits you!
The orb of energy explodes!
As you read the scroll of teleportation, it crumbles to dust.
You feel strangely unstable.
You feel the power of the Abyss delaying your translocation!
The wretched star glows turbulently.
The orb of energy hits you!
The orb of energy explodes!
The wretched star glows turbulently.
The orb of energy hits you!
* * * LOW HITPOINT WARNING * * *
The wretched star glows turbulently.
The orb of energy hits you!
You die...
Your body rises from the dead as a mindless zombie.

......
#....
..... ...
... #.#
#.# #@# .
#.# .# #.#
. #.# ##
#.# #.#
#... #.#
####.#
#.*......#
. ##.###
#*# # ## .
#ยง#. .#


You could see a wretched star.

Vanquished Creatures
  A hydra (D:11)
  A hill giant (D:11)
  An ugly thing (D:8)
  A cyclops (D:11)
  2 trolls (D:10)
  Sigmund (D:4)
  Eustachio (D:4)
  14 yaks (D:10)
  A basilisk (D:11)
  A steam dragon (D:9)
  A hungry ghost (D:9)
  An ice beast (D:9)
  4 porcupines (D:10)
  3 sky beasts
  A black bear (D:6)
  An eye of draining (D:8)
  6 ogres
  2 phantoms
  A necrophage (D:11)
  2 centaurs
  8 crocodiles
  4 giant frogs
  A water moccasin zombie (D:7)
  2 scorpions
  3 killer bees (D:10)
  8 wights
  4 howler monkeys (D:11)
  3 crimson imps
  2 giant frog zombies
  6 orc priests
  7 hounds
  3 jellies
  A quasit (D:7)
  4 centaur skeletons
  2 giant frog skeletons
  An orc wizard (D:8)
  2 iguanas
  3 worker ants
  Ijyb (D:2)
  A killer bee zombie (D:10)
  2 hound skeletons
  A hound zombie (D:8)
  3 mummies (Ossuary)
  11 gnolls
  18 adders
  3 shadow imps
  4 adder skeletons
  4 worms
  2 dart slugs
  5 giant geckos
  20 orcs
  4 ball pythons
  9 giant cockroaches
  7 goblins
  6 hobgoblins
  19 jackals
  2 quokkas (D:2)
  11 bats
  3 giant newts
  5 goblin zombies (Ossuary)
  3 hobgoblin zombies (Ossuary)
  10 kobolds
  5 kobold zombies (Ossuary)
  2 quokka zombies (Ossuary)
  7 rats
  3 rat zombies (Ossuary)
281 creatures vanquished.

Vanquished Creatures (others)
  A bush (D:10)
  4 fungi (D:10)
  9 plants (D:10)
14 creatures vanquished.

Grand Total: 295 creatures vanquished

Notes
Turn   | Place    | Note
--------------------------------------------------------------
     0 | D:1      | Oddball22 the Demonspawn Fighter began the quest for the Orb.
     0 | D:1      | Reached XP level 1. HP: 18/18 MP: 1/1
   125 | D:1      | Gained mutation: You are partially covered in icy blue scales (AC +1). [demonic ancestry]
   125 | D:1      | Reached XP level 2. HP: 22/24 MP: 2/2
   154 | D:1      | Reached skill level 2 in Axes
   435 | D:1      | Gained mutation: You have sharp toenails. [demonic ancestry]
   435 | D:1      | Reached XP level 3. HP: 29/29 MP: 3/3
  1056 | D:2      | Noticed Ijyb
  1067 | D:2      | Killed Ijyb
  1067 | D:2      | Gained mutation: You are mostly covered in icy blue scales (AC +3, EV -1). [demonic ancestry]
  1067 | D:2      | Reached XP level 4. HP: 27/36 MP: 4/4
  2104 | D:3      | Found a glowing silver altar of Zin.
  2282 | D:3      | Gained mutation: You regenerate a little health from kills. [demonic ancestry]
  2282 | D:3      | Reached XP level 5. HP: 35/42 MP: 5/5
  2315 | D:3      | Reached skill level 3 in Axes
  2906 | D:4      | Noticed Eustachio
  2907 | D:4      | Noticed Sigmund
  2936 | D:4      | Killed Sigmund
  2936 | D:4      | Gained mutation: When hurt, damage is shared between your health and your magic reserves. [demonic ancestry]
  2936 | D:4      | Reached XP level 6. HP: 31/49 MP: 6/6
  2939 | D:4      | Killed Eustachio
  2939 | D:4      | Reached skill level 4 in Axes
  2939 | D:4      | Reached XP level 7. HP: 39/55 MP: 7/7
  3098 | D:4      | Found a sacrificial altar of Ru.
  3519 | D:4      | Found a white marble altar of Elyvilon.
  3519 | D:4      | Found a blossoming altar of Fedhas.
  3519 | D:4      | Found a basalt altar of Yredelemnul.
  3535 | D:4      | Became a worshipper of Yredelemnul the Dark
  3566 | D:4      | Found a staircase to the Ecumenical Temple.
  3698 | D:5      | Entered Level 5 of the Dungeon
  3720 | D:5      | Reached skill level 1 in Spellcasting
  3935 | D:5      | Found a sparkling altar of Nemelex Xobeh.
  3980 | D:5      | Reached skill level 1 in Invocations
  4122 | D:5      | Found a sand-covered staircase.
  4177 | Ossuary  | Entered an ossuary
  4194 | Ossuary  | Reached skill level 5 in Axes
  4472 | D:6      | Reached skill level 5 in Fighting
  4504 | D:6      | Gained mutation: You regenerate health from kills. [demonic ancestry]
  4504 | D:6      | Reached XP level 8. HP: 52/62 MP: 7/10
  5051 | D:6      | Reached skill level 5 in Shields
  5412 | D:7      | Reached skill level 5 in Armour
  5518 | D:7      | Reached skill level 6 in Axes
  5538 | D:7      | Found an opulent altar of Gozag.
  5847 | D:7      | Gained mutation: You are robust (+10% HP). [demonic ancestry]
  5847 | D:7      | Reached XP level 9. HP: 63/74 MP: 10/13
  6489 | D:8      | Gained mutation: Your spells are a little easier to cast, but a little less powerful. [mutagenic meat]
  6490 | D:8      | Gained mutation: You evolve. [mutagenic meat]
  6491 | D:8      | Gained mutation: You expend magic power (3 MP) to strengthen your wands. [mutagenic meat]
  6492 | D:8      | Gained mutation: You are resistant to hostile enchantments. [mutagenic meat]
  6594 | D:8      | Noticed a brown ugly thing
  6634 | D:8      | Killed a brown ugly thing
  6634 | D:8      | Reached skill level 7 in Axes
  6634 | D:8      | Reached skill level 5 in Invocations
  6641 | D:8      | Gained mutation: [Your magical capacity is low (-10% MP).] [mutagenic meat]
  6642 | D:8      | Gained mutation: Your spells are easier to cast, but less powerful. [mutagenic meat]
  6643 | D:8      | Gained mutation: You are clumsy. (Dex -2) [mutagenic meat]
  6671 | D:8      | Gained mutation: You are weak. (Str -2) [potion of mutation]
  6671 | D:8      | Lost mutation: Your spells are easier to cast, but less powerful. [potion of mutation]
  6674 | D:8      | Reached * piety under Yredelemnul
  7733 | D:9      | Reached XP level 10. HP: 80/84 MP: 12/14
  7897 | D:10     | Entered Level 10 of the Dungeon
  8144 | D:10     | Noticed Sonja
  8270 | D:11     | Reached ** piety under Yredelemnul
  8394 | D:11     | Noticed a cyclops
  8395 | D:11     | Reached skill level 8 in Axes
  8405 | D:11     | Killed a cyclops
  8573 | D:11     | Noticed a hill giant
  8579 | D:11     | Noticed an eight-headed hydra
  8581 | D:11     | Killed a hill giant
  8589 | D:11     | Killed an eight-headed hydra
  9133 | D:11     | Reached skill level 5 in Spellcasting
  9295 | D:10     | Gained mutation: You have razor-sharp toenails. [demonic ancestry]
  9295 | D:10     | Reached XP level 11. HP: 40/92 MP: 7/16
  9373 | D:10     | Reached skill level 9 in Axes
  9493 | D:10     | Found a staircase to the Lair.
  9572 | D:10     | Lost mutation: Your spells are a little easier to cast, but a little less powerful. [evolution]
  9631 | D:10     | Reached *** piety under Yredelemnul
  9838 | D:10     | Reached skill level 1 in Maces & Flails
  9860 | D:10     | Cast into level 1 of the Abyss (Sonja)
  9890 | Abyss:1  | Noticed a thrashing horror
  9939 | Abyss:1  | Noticed a wretched star
  9989 | Abyss:1  | Killed from afar by a wretched star

Vault maps used:
D:1:      erik_arrival_triangle_small
D:2:      first_bread, uniq_iyjb
D:3:      nicolae_overflow_crystal_walls
D:4:      gammafunk_temple_overflow_claw, minmay_temple_entry_from_below_b,
          nicolae_ru_sacrificial_ziggurat, uniq_sigmund, uniq_eustachio
D:5:      kennysheep_little_box, enter_ossuary_2, serial_bayou_pond_a
D:7:      kennysheep_mini_moat, grunt_decor_mini_mirrors
D:10:     minmay_lair_entry_grove, grunt_pizzeria, grunt_ministairs_1,
          uniq_sonja
Abyss:1:  hangedman_cross_veins, evilmike_abyss_exit_11
Ossuary:  ossuary_minmay_chase

Skill      XL: |  1  2  3  4  5  6  7  8  9 10 11 |
---------------+----------------------------------+-----
Armour         | 3 4 5 6 7 |  7.3
Axes           | 2 3 4 5 6 7 8 9 |  9.1
Shields        | 3 4 5 6 7 |  7.0
Fighting       | 4 5 6 7 8 |  8.0
Spellcasting   | 1 2 4 5 |  5.4
Invocations    | 1 3 5 7 |  7.8
Maces & Flails | 1 |  1.0

Action                   |  1- 3 |  4- 6 |  7- 9 | 10-12 || total
-------------------------+-------+-------+-------+-------++-------
Melee: War axe           |   125 |   187 |   279 |    32 ||   623
       Whip              |       |       |   340 |   472 ||   812
       Flail             |       |       |       |     4 ||     4
  Use: Potion            |       |     2 |    10 |     8 ||    20
       Scroll            |       |       |     7 |     2 ||     9
  Eat: Chunk             |     1 |     6 |    26 |    13 ||    46
       Fruit             |       |       |       |     1 ||     1
